 Dungeon Crawl Stone Soup version 0.30-a0-702-gdf48620a09 (webtiles) character file.

Game seed: 16046662526535365763

39 ASSMAN the Sneak (level 3, -9/19 HPs)
             Began as a Deep Elf Enchanter on Jan 22, 2023.
             Mangled by an orc
             ... wielding a +1 flail of protection
              (12 damage)
             ... on level 3 of the Dungeon.
             The game lasted 00:02:54 (1685 turns).

ASSMAN the Sneak (Deep Elf Enchanter)               Turns: 1685, Time: 00:02:55

Health: -9/19      AC:  2    Str:  5    XL:     3   Next: 28%
Magic:  9/9        EV: 13    Int: 21    God:
Gold:   83         SH:  0    Dex: 15    Spells: 3/8 levels left

rFire   . . .      SeeInvis .    p - +7 rapier "Dragonbane" {drain, rPois rF+ Will++}
rCold   + . .      Faith    .    (no shield)
rNeg    . . .      Spirit   .    b - +0 robe
rPois   +          Reflect  .    (no helmet)
rElec   .          Harm     +    n - scarf {harm}
rCorr   .          Rampage  .    (no gloves)
Will    ++...                    (no boots)
Stlth   +++                      (no amulet)
HPRegen 0.23/turn                d - ring of ice
MPRegen 0.11/turn                (no ring)

@: invisible
A: no striking features
a: no special abilities


You were on level 3 of the Dungeon.
You visited 1 branch of the dungeon, and saw 3 of its levels.

You collected 83 gold pieces.

Inventory:

Hand Weapons
 a - a +1 dagger
 e - a +2 whip of holy wrath
 p - the +7 rapier "Dragonbane" (weapon) {drain, rPois rF+ Will++}
   (You found it on level 2 of the Dungeon)

   rF:        It protects you from fire.
   rPois:     It protects you from poison.
   Will:      It greatly increases your willpower.
Armour
 b - a +0 robe (worn)
 n - a scarf of harm (worn)
Jewellery
 d - a ring of ice (left hand)
 q - a ring of fire
Wands
 k - a wand of charming (12)
 l - a wand of iceblast (6)
Scrolls
 f - 4 scrolls of identify {unknown}
 i - a scroll of butterflies {unknown}
 j - a scroll of blinking {unknown}
 r - a scroll of teleportation {unknown}
 s - a scroll of amnesia {unknown}
Potions
 c - a potion of invisibility
 g - 2 potions of lignification {unknown}
 h - a potion of resistance {unknown}
 m - a potion of brilliance {unknown}
 o - a potion of flight {unknown}


   Skills:
 * Level 1.3 Short Blades
 + Level 2.7 Dodging
 + Level 4.7 Stealth
 - Level 3.2 Spellcasting
 - Level 4.4 Hexes


You had 3 spell levels left.
You knew the following spells:

 Your Spells              Type           Power      Damage    Failure   Level
a - Ensorcelled Hibernat  Hex/Ice        38%        N/A       8%          2
b - Confusing Touch       Hex            22%        N/A       6%          3

Your spell library contained the following spells:

 Spells                   Type           Power      Damage    Failure   Level
 Tukima's Dance           Hex            22%        N/A       6%          3
 Dazzling Flash           Conj/Hex       24%        N/A       16%         3
 Cigotuvi's Dreadful Rot  Necr/Pois/Air  6%         N/A       21%         2
 Poisonous Vapours        Pois/Air       6%         N/A       21%         2
 Mephitic Cloud           Conj/Pois/Air  3%         N/A       36%         3


Dungeon Overview and Level Annotations

Branches:
Dungeon (3/15)

Altars:


Message History

There is a stone staircase leading down here.
You climb downwards.
There is a stone staircase leading up here.
An orc comes into view.
It is wielding a +1 flail of protection.
An orc is nearby!
An orc is nearby!
The orc shouts!
The orc barely misses you.
You hit the orc but do no damage.
An endoplasm comes into view.
The orc closely misses you.
You hit the orc. You drain the orc.
The orc is severely wounded.
The orc hits you with a +1 flail of protection.
You barely miss the orc.
The orc is severely wounded.
The orc hits you with a +1 flail of protection!
* * * LOW HITPOINT WARNING * * *
You are too injured to fight recklessly!
You fade into invisibility!
A dart slug comes into view.
The orc barely misses you.
You closely miss the orc.
The orc is severely wounded.
The orc barely misses you.
You hit the orc but do no damage.
The orc is severely wounded.
You hit the endoplasm.
The endoplasm is severely wounded.
The endoplasm freezes you. You resist.
You barely miss the endoplasm.
The endoplasm is severely wounded.
The endoplasm hits you.
* * * LOW HITPOINT WARNING * * *
You puncture the endoplasm!
You kill the endoplasm!
The orc hits you with a +1 flail of protection!
Ouch! That really hurt!
You die...

### .w#
####.#
#.<#.#
#.##.#.###
#......@o#
#.##.#.#.#
#
#..#.#...
#.##.#####
#. #.# #.
... #. ###
#.


You could see a dart slug (wandering, unable to see you) and an orc (unable to
see you, very drained).

Vanquished Creatures
  A worm (D:2)
  2 dart slugs (D:2)
  7 endoplasms
  5 goblins
  3 kobolds
  2 quokkas (D:1)
  2 ball pythons
  3 bats
  A frilled lizard (D:1)
  3 rats (D:2)
29 creatures vanquished.

Notes
Turn   | Place    | Note
-------+----------+-------------------------------------------
     0 | D:1      | ASSMAN the Deep Elf Enchanter began the quest for the Orb.
     0 | D:1      | Reached XP level 1. HP: 10/10 MP: 6/6
   268 | D:1      | Reached XP level 2. HP: 15/15 MP: 8/8
   271 | D:1      | Learned a level 2 spell: Ensorcelled Hibernation
  1166 | D:2      | Reached XP level 3. HP: 19/19 MP: 9/9
  1220 | D:2      | Identified the +7 rapier "Dragonbane" {drain, rPois rF+
                  | Will++}
  1404 | D:2      | Learned a level 3 spell: Confusing Touch
  1685 | D:3      | Mangled by an orc

Illustrated notes

Levels and vault maps discovered:
D:1:      dpeg_arrival_water_fire, layout_basic, serial_curves, eino_curves_03,
          eino_curves_02
D:2:      layout_basic
D:3:      layout_basic, nicolae_hepliaklqana_ecumenical_no_more,
          nicolae_gozag_zags_fifth_avenue, uniq_robin

Skill      XL: |  1  2 |
---------------+-------+-----
Stealth        | 4 |  4.7
Short Blades   | |  1.3
Dodging        | |  2.7
Spellcasting   | |  3.2
Hexes          | |  4.4

Action                   || total
-------------------------++-------
Melee: Dagger            ||    31
       Rapier            ||    19
 Cast: Ensorcelled Hiber ||     6
  Use: Potion            ||     1
 Stab: Sleeping          ||    17
Armor: Robe              ||     3
Dodge: Dodged            ||    19

Table legend: (Time is in decaauts)
 A = Elapsed time spent in this place.
 B = Non-inter-level travel time spent in this place.
 C = Inter-level travel time spent in this place.
 D = Time resting spent in this place.
 E = Time spent auto-exploring this place.
 F = Levels seen in this place.
 G = Mean time per level.
                   A        B        C        D        E       F      G
               +--------+--------+--------+--------+--------+-----+--------+
         Total |   1683 |   1626 |     57 |      0 |   1382 |   3 |  561.0 |
       Dungeon |   1683 |   1626 |     57 |      0 |   1382 |   3 |  561.0 |
               +--------+--------+--------+--------+--------+-----+--------+

Top non-repeatable levels by time:
     D:2: 902 daAuts
     D:1: 764 daAuts
     D:3: 16 daAuts
